 Seeded DCSS version 0.31-a0-210-gccc998df9b (webtiles) character file.

Game seed: 15993150187267545940 (custom seed)

15423 innerfire43 the Fighter (level 12, -3/102 HPs)
             Began as a Demonspawn Monk on June 29, 2023.
             Was the Champion of Cheibriados.
             Slain by a frost giant
             ... wielding a +2 battleaxe of freezing
              (23 damage)
             ... on level 12 of the Dungeon.
             The game lasted 00:16:14 (10441 turns).

innerfire43 the Fighter (Demonspawn Monk)          Turns: 10441, Time: 00:16:14

Health: -3/102     AC: 21    Str: 31    XL:     12   Next: 1%
Magic:  12/12      EV: 20    Int: 27    God:    Cheibriados [******]
Gold:   1074       SH: 16    Dex: 31    Spells: 11/11 levels left

rFire   + . .        f - +1 trident (heavy)
rCold   . . .        h - +1 tower shield
rNeg    . . .        y - +1 plate armour
rPois   .            (helmet restricted)
rElec   .            G - +0 cloak
rCorr   .            (no gloves)
SInv    .            (no boots)
Will    .....        o - amulet of regeneration Stlth
                     j - +5 ring of evasion
HPRegen 1.17/turn    c - ring of protection from fire
MPRegen 0.13/turn

%: no passive effects
@: sanguine armoured, very slow
A: antennae 2, foul stench 1, sanguine armour 2, demonic magic 2, hooves 1,
noise suppression
a: Renounce Religion, Bend Time, Temporal Distortion, Slouch, Step From Time


You were on level 12 of the Dungeon.
You worshipped Cheibriados.
Cheibriados was exalted by your worship.
You visited 2 branches of the dungeon, and saw 13 of its levels.

You collected 1074 gold pieces.

Inventory:

Hand Weapons
 a - a +0 spear
 f - a +1 heavy trident (weapon)
 i - a +2 dagger of draining
 F - a +2 heavy falchion
 I - a +1 trident of freezing
 L - a +4 shortbow
 O - a +2 spear of venom
Missiles
 u - 6 javelins
 A - 3 silver boomerangs
 C - 3 throwing nets
Armour
 b - a +0 robe
 d - an orb of light
 h - a +1 tower shield (worn)
 y - a +1 plate armour (worn)
 G - a +0 cloak (worn)
 J - +0 steam dragon scales
 P - a +0 kite shield
Jewellery
 c - a ring of protection from fire (right hand)
 j - a +5 ring of evasion (left hand)
 o - an amulet of regeneration (around neck)
 q - a ring of willpower
 x - a ring of willpower
 H - a ring of magical power
Wands
 l - a wand of flame (42)
 p - a wand of paralysis (6)
 s - a wand of iceblast (14)
 D - a wand of mindburst (25)
Scrolls
 k - 2 scrolls of identify
 m - a scroll of fog
 n - 3 scrolls of poison
 w - a scroll of blinking
 E - 3 scrolls of teleportation
Potions
 e - a potion of enlightenment
 g - 2 potions of heal wounds
 r - 2 potions of resistance
 t - 2 potions of degeneration
 z - a potion of might
 B - a potion of brilliance {unknown}
 K - 2 potions of curing


   Skills:
 + Level 11.9 Fighting
 + Level 10.8 Polearms
 + Level 10.8 Dodging


You had 11 spell levels left.
You didn't know any spells.
Your spell library contained the following spells:

 Spells                   Type           Power      Damage    Failure   Level
 Beastly Appendage        Tmut           0%         N/A       100%        1
 Slow                     Hex            0%         N/A       100%        1
 Wereblood                Tmut           0%         N/A       100%        2
 Confusing Touch          Hex            0%         N/A       100%        3
 Ignite Poison            Fire/Tmut/Pois 0%         N/A       100%        3
 Spider Form              Tmut/Pois      0%         N/A       100%        3
 Vampiric Draining        Necr           0%         2d6       100%        3
 Sticky Flame             Conj/Fire      0%         2d3       100%        4
 Ignition                 Fire           0%         3d3       100%        8


Dungeon Overview and Level Annotations

Branches:
Dungeon (12/15)            Temple (1/1) D:4            Lair (0/5) D:10
    Orc (0/2) D:10

Altars:
Ashenzari
Cheibriados
Dithmenos
Fedhas
Gozag
Hepliaklqana
Kikubaaqudgha
Makhleb
Nemelex Xobeh
Okawaru
Qazlal
Ru
Sif Muna
Trog
Uskayaw
Vehumet
Wu Jian
Xom
Yredelemnul

Shops:
D:2 =   D:10 *

Portals:
Trove: D:11 (show abyssal rune of Zot)

Annotations:
D:8 2 transporters
D:10 2 transporters, Rudyous's ghost, novice DsIE
Temple 2 transporters


Innate Abilities, Weirdness & Mutations

You have a pair of antennae on your head.
You may rarely emit foul miasma when damaged in melee.
When seriously injured, your blood forms thick armour. (AC +9)
Spells you cast may paralyse nearby enemies.
You have large cloven feet.
You passively dampen the noise of your surroundings.


Message History

You feel agile.
Your demonic ancestry asserts itself...
You begin to emit a foul stench of rot and decay.
You impale the vampire mosquito!!
The vampire mosquito is almost destroyed.
You block the vampire mosquito's attack.
The vampire mosquito closely misses you.
Unknown command.
You puncture the vampire mosquito!
You destroy the vampire mosquito!
Cheibriados thoroughly appreciates the change of pace.
Unknown command.
No target in view!
You see here a vampire mosquito corpse.
You open the large door.
A frost giant is nearby!
A frost giant is nearby!
You reach to attack!
You hit the frost giant but do no damage.
The frost giant casts a spell at you. The bolt of cold hits you!!!
Your blood congeals into armour.
You hit the frost giant.
You kick the frost giant, but do no damage.
The frost giant is lightly wounded.
The frost giant gestures at you while chanting.
The bolt of cold hits you!!
You are too injured to fight recklessly!
You are too injured to fight recklessly!
You are too injured to fight recklessly!
You puncture the frost giant!
The frost giant is lightly wounded.
The frost giant points at you and mumbles some strange words.
The bolt of cold misses you.
You hit the frost giant.
You kick the frost giant, but do no damage.
The frost giant is lightly wounded.
The frost giant gestures at you while chanting.
The bolt of cold hits you!!
* * * LOW HITPOINT WARNING * * *
The frost giant hits you with a +2 battleaxe of freezing!!
You die...

#### ### #<.## ###.#
....#######.#.#
.......#.#...##### ####
.............##..###..##
.#.........###...)'....#
#####.....## #...†'....#
..##...#...####.@###.)##
...#........###'C# #''#
.............##.(###..##
.............#.($.#....#
.....<.....###.!$.#....#
#........#.####..###..##
#........#..########''#
##..........#..# ##...#
#.....#........###..###


You could see a frost giant.

Vanquished Creatures
  3 two-headed ogres
  3 boulder beetles (D:12)
  Lodul (D:10)
  Pikel (D:6)
  Maurice (D:8)
  An elephant (D:10)
  2 gargoyles (D:12)
  Maggie (D:9)
  Psyche (D:12)
  3 unseen horrors
  A komodo dragon (D:12)
  2 trolls (D:12)
  The ghost of innerfire43 the Trooper, an amateur DsMo of Cheibriados (D:5)
  A shadow (D:10)
  2 wraiths
  2 wyverns
  16 yaks
  2 vampires
  A vampire mosquito (D:12)
  3 acid dragons
  A water moccasin (D:8)
  4 orc warriors (D:10)
  2 black bears (D:10)
  10 ogres
  4 lemures (D:6)
  2 centaurs
  2 kobold brigands (D:8)
  2 gnoll sergeants
  2 bullfrogs
  An elf skeleton (D:7)
  3 scorpions (D:5)
  3 jellies
  2 howler monkeys (D:10)
  A crimson imp (D:5)
  5 hounds
  2 gnoll boudas
  5 orc priests
  2 sleepcaps (D:8)
  3 human skeletons (D:7)
  6 iguanas
  11 orc wizards
  17 gnolls
  11 adders
  4 white imps
  A worm (D:4)
  2 dart slugs
  27 orcs
  3 bats
  11 endoplasms
  4 giant cockroaches
  9 goblins
  7 hobgoblins
  4 jackals (D:3)
  4 quokkas
  6 ball pythons
  2 frilled lizards (D:2)
  17 kobolds
  2 orc skeletons (D:7)
  4 rats
256 creatures vanquished.

Notes
Turn   | Place    | Note
-------+----------+-------------------------------------------
     0 | D:1      | innerfire43 the Demonspawn Monk began the quest for the
                  | Orb.
     0 | D:1      | Reached XP level 1. HP: 18/18 MP: 1/1
    97 | D:1      | Gained mutation: Spells you cast may paralyse adjacent
                  | enemies. [demonic ancestry]
    97 | D:1      | Reached XP level 2. HP: 24/24 MP: 2/2
   893 | D:2      | Found Fuphineq's Jewellery Shoppe.
   994 | D:2      | Reached XP level 3. HP: 15/29 MP: 3/3
  1353 | D:2      | Gained mutation: You have a pair of small antennae on your
                  | head. [demonic ancestry]
  1353 | D:2      | Reached XP level 4. HP: 25/37 MP: 4/4
  1525 | D:3      | Reached skill level 4 in Fighting
  1865 | D:3      | Gained mutation: When seriously injured, your blood forms
                  | armour. (AC +9) [demonic ancestry]
  1865 | D:3      | Reached XP level 5. HP: 42/42 MP: 5/5
  2678 | D:4      | Noticed an ogre
  2684 | D:4      | Killed an ogre
  2685 | D:4      | Gained mutation: You have a pair of antennae on your head.
                  | [demonic ancestry]
  2685 | D:4      | Reached XP level 6. HP: 45/49 MP: 6/6
  2695 | D:4      | Found an iron altar of Okawaru.
  2728 | D:4      | Found a staircase to the Ecumenical Temple.
  2761 | Temple   | Entered the Ecumenical Temple
  2761 | Temple   | Found a transporter.
  2761 | Temple   | Found a transporter.
  2763 | Temple   | Found a transporter.
  2763 | Temple   | Found a transporter.
  2787 | Temple   | Became a worshipper of Cheibriados the Contemplative
  2787 | Temple   | Reached * piety under Cheibriados
  2787 | Temple   | Reached ** piety under Cheibriados
  2847 | D:4      | Found a sacrificial altar of Ru.
  3088 | D:4      | Reached skill level 5 in Fighting
  3380 | D:5      | Entered Level 5 of the Dungeon
  3618 | D:5      | Reached XP level 7. HP: 52/56 MP: 7/7
  3718 | D:5      | Reached skill level 5 in Polearms
  3718 | D:5      | Reached skill level 5 in Dodging
  4069 | D:5      | Found a large runed translucent door.
  4069 | D:5      | Found a large runed translucent door.
  4069 | D:5      | You fall into a shaft and drop 1 floor!
  4099 | D:6      | Reached *** piety under Cheibriados
  4110 | D:6      | Noticed Pikel
  4117 | D:6      | Found a shadowy altar of Dithmenos.
  4117 | D:6      | Found a shimmering blue altar of Sif Muna.
  4137 | D:6      | Reached skill level 6 in Fighting
  4427 | D:5      | Reached XP level 8. HP: 64/64 MP: 8/8
  4972 | D:5      | Noticed innerfire43's ghost (amateur DsMo)
  4991 | D:5      | Killed innerfire43's ghost
  5201 | D:6      | Found a broken altar of Ashenzari.
  5456 | D:6      | Killed Pikel
  5457 | D:6      | Reached skill level 7 in Fighting
  5805 | D:7      | Found an ornate altar of the Wu Jian Council.
  5940 | D:7      | Found a radiant altar of Vehumet.
  6257 | D:7      | Gained mutation: When seriously injured, your blood forms
                  | thick armour. (AC +9) [demonic ancestry]
  6257 | D:7      | Reached XP level 9. HP: 68/72 MP: 9/9
  6268 | D:7      | Reached **** piety under Cheibriados
  6433 | D:8      | Found a transporter.
  6801 | D:8      | Found a transporter.
  6944 | D:8      | Noticed Maurice
  6960 | D:8      | Killed Maurice
  6961 | D:8      | Reached skill level 8 in Fighting
  7326 | D:9      | Noticed Maggie
  7341 | D:9      | Killed Maggie
  7347 | D:9      | Reached ***** piety under Cheibriados
  7413 | D:9      | Reached skill level 9 in Fighting
  7415 | D:9      | Found a hide-covered altar of Uskayaw.
  7531 | D:9      | Gained mutation: Spells you cast may paralyse nearby
                  | enemies. [demonic ancestry]
  7531 | D:9      | Reached XP level 10. HP: 83/83 MP: 10/10
  7868 | D:9      | Found a burning altar of Makhleb.
  7969 | D:10     | Entered Level 10 of the Dungeon
  8033 | D:10     | Found a transporter.
  8035 | D:10     | Noticed a two-headed ogre
  8039 | D:10     | Killed a two-headed ogre
  8057 | D:10     | Found a transporter.
  8061 | D:10     | Noticed Rudyous's ghost (novice DsIE)
  8063 | D:10     | Noticed a manticore
  8068 | D:10     | Noticed a moth of wrath
  8113 | D:10     | Noticed Lodul
  8132 | D:10     | Killed Lodul
  8133 | D:10     | Reached skill level 10 in Fighting
  8212 | D:10     | Found a staircase to the Lair.
  8222 | D:10     | Noticed an elephant
  8223 | D:10     | Noticed a two-headed ogre
  8230 | D:10     | Killed an elephant
  8235 | D:10     | Killed a two-headed ogre
  8236 | D:10     | Reached XP level 11. HP: 45/92 MP: 11/11
  8306 | D:10     | Found an opulent altar of Gozag.
  8310 | D:10     | Found Gozag's Platinum Reserve.
  8365 | D:10     | Found a stormy altar of Qazlal.
  8470 | D:10     | Found a staircase to the Orcish Mines.
  9030 | D:10     | Gained mutation: You have large cloven feet. [potion of
                  | mutation]
  9030 | D:10     | Gained mutation: You passively dampen the noise of your
                  | surroundings. [potion of mutation]
  9385 | D:11     | Reached skill level 11 in Fighting
  9389 | D:11     | Reached skill level 10 in Dodging
  9392 | D:11     | Reached skill level 10 in Polearms
  9713 | D:11     | Found a portal to a secret trove of treasure.
 10045 | D:12     | Reached ****** piety under Cheibriados
 10086 | D:12     | Noticed a boulder beetle
 10086 | D:12     | Noticed a boulder beetle
 10087 | D:12     | Noticed a boulder beetle
 10099 | D:12     | Killed a boulder beetle
 10152 | D:12     | Killed a boulder beetle
 10172 | D:12     | Killed a boulder beetle
 10316 | D:12     | Noticed Psyche
 10322 | D:12     | Killed Psyche
 10386 | D:12     | Noticed a frost giant
 10419 | D:12     | Noticed a two-headed ogre
 10425 | D:12     | Killed a two-headed ogre
 10426 | D:12     | Gained mutation: You may rarely emit foul miasma when
                  | damaged in melee. [demonic ancestry]
 10426 | D:12     | Reached XP level 12. HP: 92/102 MP: 12/12
 10441 | D:12     | Slain by a frost giant

Illustrated notes

Levels and vault maps discovered:
D:1:      minmay_arrival_four_circles, layout_basic
D:2:      minmay_angry_zag, layout_basic, serial_shops,
          nicolae_shop_tiny_statue_garden, minmay_pentomino_z2
D:3:      layout_basic, serial_park_tiny_pond
D:4:      layout_basic, okawaru_ov_weapons_minmay, mainiacjoe_overflow_catwalk,
          minmay_temple_entry_glass
D:5:      layout_loops_ring, serial_co_window_serial, co_window_paths_a,
          co_window_paths_b, co_window_paths_a, co_window_paths_b,
          co_window_corner_a, co_window_unsneaky_path_a, co_window_cross_4,
          co_window_of_opportunity_b, co_window_broadway_a, co_window_4corner_a,
          co_window_paths_d, glass_columns_b, glass_columns_a,
          ebering_ghost_disaster_area, minmay_fire_ice_demons
D:6:      layout_cave_pools, cheibrodos_ashenzari_chains, marbit_many_paths,
          grunt_temple_overflow_open, uniq_pikel
D:7:      layout_basic, mainiacjoe_overflow_small_starburst,
          amcnicky_altar_gilded, nicolae_ossuary_entry_catacombs
D:8:      gammafunk_steamed_eel, layout_loops_ring, kennysheep_small_spiral,
          uniq_maurice
D:9:      layout_basic, lightli_temple_of_fire,
          mainiacjoe_overflow_surrounded_room, uniq_maggie
D:10:     layout_roguey, grunt_qazlal_sundering,
          nicolae_gozag_zags_fifth_avenue, elyvilon_altar_4, david_lair_generic,
          david_orc_4, gammafunk_ghost_berserking_beasts,
          kennysheep_generic_room_7, uniq_lodul
D:11:     layout_stronghold, trove_entry_hex_spiral, hangedman_decor_growths
D:12:     layout_cave_pools, kennysheep_four_rooms, uniq_psyche
Temple:   hellmonk_temple_divided_pantheon

Skill      XL: |  1  2  3  4  5  6  7  8  9 10 11 |
---------------+----------------------------------+-----
Polearms       | 3 4 5 6 8 9 10 | 10.8
Dodging        | 3 4 5 6 8 9 10 | 10.8
Fighting       | 4 5 6 7 9 10 11 | 11.9

Action                     |  1- 3 |  4- 6 |  7- 9 | 10-12 || total
---------------------------+-------+-------+-------+-------++-------
  Melee: Spear             |    77 |       |       |       ||    77
         Trident           |    66 |   183 |   378 |   301 ||   928
         Kick              |       |       |       |    66 ||    66
    Use: Potion            |       |     2 |     1 |     9 ||    12
         Scroll            |       |       |    16 |     5 ||    21
 Armour: Robe              |    14 |    10 |     6 |       ||    30
         Plate armour      |       |       |    90 |    94 ||   184
  Dodge: Dodged            |    74 |   156 |   354 |   376 ||   960
  Block: Tower shield      |       |       |       |   105 ||   105

Table legend: (Time is in decaauts)
 A = Elapsed time spent in this place.
 B = Non-inter-level travel time spent in this place.
 C = Inter-level travel time spent in this place.
 D = Time resting spent in this place.
 E = Time spent auto-exploring this place.
 F = Levels seen in this place.
 G = Mean time per level.
                   A        B        C        D        E       F      G
               +--------+--------+--------+--------+--------+-----+--------+
         Total |  15053 |  14359 |    694 |      0 |  11598 |  13 | 1157.9 |
       Dungeon |  14998 |  14304 |    694 |      0 |  11598 |  12 | 1249.8 |
        Temple |     54 |     54 |      0 |      0 |      0 |   1 |   54.0 |
               +--------+--------+--------+--------+--------+-----+--------+

Top non-repeatable levels by time:
     D:5: 2234 daAuts
    D:10: 1838 daAuts
    D:11: 1554 daAuts
     D:7: 1424 daAuts
     D:4: 1353 daAuts
     D:8: 1342 daAuts
     D:9: 1245 daAuts
    D:12: 914 daAuts
     D:6: 905 daAuts
     D:1: 815 daAuts
     D:2: 702 daAuts
     D:3: 665 daAuts
  Temple: 54 daAuts
